[Event "EU-ch 12th"]
[Site "Aix les Bains"]
[Date "2011.03.27"]
[Round "6"]
[White "Georgiev, Kiril"]
[Black "Bukavshin, Ivan"]
[Result "1-0"]
[ECO "D88"]
[WhiteElo "2666"]
[BlackElo "2501"]
[Annotator "Marchand,A/Primel,D"]
[PlyCount "97"]
[EventDate "2011.03.22"]
[EventType "swiss"]
[EventRounds "11"]
[EventCountry "FRA"]
[SourceTitle "CBM 142 Extra"]
[Source "ChessBase"]
[SourceDate "2011.06.27"]
[SourceVersion "1"]
[SourceVersionDate "2011.06.27"]
[SourceQuality "1"]
[TimeControl "40/5400+30:1800+30"]

1. d4 Nf6 2. c4 g6 3. Nc3 d5 4. cxd5 Nxd5 5. e4 Nxc3 6. bxc3 Bg7 7. Bc4 O-O 8.
Ne2 c5 9. O-O Nc6 10. Be3 Na5 (10... Qc7 {[%cal Gc7c4] La grande ligne}) (10...
Bg4 11. f3 Na5 12. Bxf7+ {La variante de Séville}) 11. Bd3 b6 12. Rc1 (12. Qd2)
12... cxd4 13. cxd4 e6 14. Qd2 (14. Qa4 $5 Bd7 15. Qa3 Re8 16. Bd2
Nc6 17. Bc3 Bf8 18. Qb2 Qe7 19. Rb1 $14 {[%emt 0:33:11] Ivanchuk,V (2735)
-Ehlvest,J (2605)/World Cup Reykjavik (3)/1/2-1/2}) 14... Bb7 15. h4 $5 {
La spécialité du GMI KNAAK} (15. Bh6 {Plus naturel}) (15. f3) 15... Qd7 (15...
Qxh4 $2 16. Bg5 Qg4 17. f3 Qh5 ) (15... Qe7 {Moins souvent joué}
16. h5 Rfc8 17. e5 Rxc1 (17... Nc6) 18. Rxc1 Rc8 19. Rxc8+ {Carlsen,M (2690)
-Ivanchuk,V (2750) Morelia/Linares 24th 2007 (11) 1-0}) 16. h5 $36 (16. Bh6)
16... Rfc8 {Donnant une case de fuite pour le K ou le B} 17. Rfd1 (17. h6 Bf8
18. Bg5 $14) (17. e5 Rxc1 18. Rxc1 Rc8) 17... Rxc1 {Les échanges sont
normalement dans l'intérêt des Noirs} 18. Rxc1 Rc8 19. Rxc8+ $146 ({RR} 19.
hxg6 hxg6 20. f3 Rxc1+ 21. Qxc1 {[%emt 0:33:21] 1/2-1/2 Perdomo,L (2229)
-Semerene,D/Bento Goncalves 2000/EXT}) 19... Qxc8 20. Bh6 {Moins fort sans les
R} Bxh6 $1 21. Qxh6 Ba6 $132 22. Qd2 (22. hxg6 hxg6 23. Qd2) 22... Bxd3 23.
Qxd3 Kg7 (23... Qc4 $5 ) 24. Qd2 (24. d5 $143 Qc4 )
24... f6 $6 {Un sérieux affaiblissement de l'aile-roi} 25. e5 $1 Nc6 (25...
fxe5 26. dxe5 Nc6 27. h6+ Kf7 28. Nc3 (28. Qg5 Qd8) 28... Qd8 29. Qf4+ Kg8 30. Qe4 $14 (30. Ne4 Qd1+ 31. Kh2 Qh5+ 32. Kg1 Qd1+)) 26. exf6+ (26. h6+ $6 Kf7) 26... Kxf6
27. Qh6 {[%csl Rf6,Rh7] Le K noir est trés exposé} Qd7 28. Qf8+ Qf7 29. Qd6 $40 Qe8 30. Nf4 {Les pièces Blanches sont nettement plus actives et
le bulgare a des bonnes chances de gain} Kf7 31. Qc7+ Ne7 32. hxg6+ hxg6 33.
Nd3 $1 Qa4 34. Ne5+ Kf6 35. Qd8 {[%csl Re7][%cal Gd8d4,Gd8f8]
Menace de gagner le N} Qd1+ 36. Kh2 Qh5+ 37. Kg1 {Les Blance répètent la
position 2 fois pour gagner du temps avec l'incrément} Qd1+ 38. Kh2 Qh5+ 39.
Kg3 $1 {Evite la répétition de coups} Qg5+ 40. Kf3 Qf5+ 41. Ke3 Qg5+ 42. Ke2 {
Le K a obtenu une position relativement а l'abri des échecs de la Q adverse}
Kg7 (42... Qh5+ $2 43. f3) 43. Qc7 Qh4 44. g4 $1 Kh6 45. g5+ $1 Kh5 (45... Kxg5 46. Qxe7+) (45... Qxg5 46. Nf7+) 46. Qxe7 Qe4+ 47. Kd2 Qf4+ 48.
Kd3 Qf5+ 49. Ke3 1-0